Laval Squanderers vs Havana Tropicals
Created - Tuesday, December 5, 2023 at 07:06
Goals
|
| Laval Squanderers |
0 |
1 |
3 |
0 |
0 |
4 |
| Havana Tropicals |
0 |
1 |
3 |
0 |
1 |
5 |
|
Shots
|
| Laval Squanderers |
6 |
9 |
21 |
0 |
3 |
36 |
| Havana Tropicals |
14 |
9 |
18 |
0 |
2 |
41 |
|
1st period
No Goal
Penalties :
Brayden Pachal (LSQ) for Tripping (Minor) at 1:59, Samuel Blais (HAV) for Hooking (Minor) at 11:51
2nd period
1. Havana Tropicals , Pierre-edouard Bellemare 19 (Samuel Blais 26, Darren Raddysh 14) at 9:37 (PP)
2. Laval Squanderers , Mike Hardman 6 (Kaedan Korczak 7, Ethen Frank 37) at 17:58
Penalties :
Pavel Dorofeyev (HAV) for High sticking (Minor) at 3:33, Kaedan Korczak (LSQ) for Roughing (Minor) at 9:26, Brayden Pachal (LSQ) for Roughing (Minor) at 9:55, Pavel Dorofeyev (HAV) for Interference (Minor) at 15:37
3rd period
3. Laval Squanderers , Brayden Tracey 19 (Graeme Clarke 18, Ty Emberson 19) at 1:58 (PP)
4. Havana Tropicals , Philipp Kurashev 33 (Darren Raddysh 15) at 14:03 (PP)
5. Havana Tropicals , Emil Bemstrom 25 (Philipp Kurashev 34) at 15:05 (PP)
6. Laval Squanderers , Mike Hardman 7 (Nils Lundkvist 20, Justin Barron 24) at 16:00
7. Havana Tropicals , Samuel Blais 32 (Milan Lucic 29, Darren Raddysh 16) at 16:39
8. Laval Squanderers , Graeme Clarke 30 (Brayden Tracey 26, Justin Barron 25) at 18:04
Penalties :
Zach Aston-Reese (HAV) for Slashing (Minor) at 1:44, Pavel Dorofeyev (HAV) for Elbowing (Minor) at 6:04, Danila Klimovich (LSQ) for Cross-checking (Minor) at 12:27, Nils Lundkvist (LSQ) for Hooking (Minor) at 14:25, Mike Hardman (LSQ) for Slashing (Minor) at 18:17
Overtime #1
No Goal
Penalties :
Justin Barron (LSQ) for Tripping (Minor) at 0:41
Shootout
Laval Squanderers, Brett Howden - Stopped by Eric Comrie
Havana Tropicals, Philipp Kurashev - Stopped by Mads Sogaard
Laval Squanderers, Lias Andersson - Stopped by Eric Comrie
Havana Tropicals, Teddy Blueger - Goal!
Laval Squanderers, Martin Kaut - Stopped by Eric Comrie
Penalties :
No Penalty
Goalie Stats
Mads Sogaard (LSQ), 37 saves from 41 shots - (0.902), OTL, 29-17-9, 65:00 minutes
Eric Comrie (HAV), 32 saves from 36 shots - (0.889), W, 1-1-0, 65:00 minutes
Players Stats for Laval Squanderers
Player Name G A P +/- PIM S H SB GA TA FO MP PP MP PK MP
------------------------------------------------------------------------------------
Brayden Pachal 0 0 0 -1 4 2 0 1 0 1 0/0 23:38 3:43 2:46
Brayden Tracey 1 1 2 1 0 3 0 1 1 1 0/0 15:41 4:08 0:09
Brett Howden 0 0 0 -1 0 1 6 1 2 2 14/24 22:14 4:02 5:16
Cross Hanas 0 0 0 0 0 2 2 1 0 1 0/0 7:38 0:00 0:00
Danila Klimovich 0 0 0 2 2 2 1 2 2 0 0/0 12:28 0:00 0:00
Emil Andrae 0 0 0 1 0 0 1 0 0 1 0/0 15:57 0:00 2:55
Ethen Frank 0 1 1 2 0 5 0 0 1 0 6/11 12:39 0:10 0:00
Graeme Clarke 1 1 2 1 0 3 2 1 0 0 5/18 21:17 4:08 3:55
Isak Rosen 0 0 0 0 0 1 1 0 0 0 2/5 8:03 0:00 0:15
Justin Barron 0 2 2 2 2 3 0 1 0 1 0/0 26:21 4:27 4:16
Kaedan Korczak 0 1 1 1 2 0 0 0 0 1 0/0 13:14 0:13 0:29
Lias Andersson 0 0 0 -1 0 5 1 3 1 0 2/2 21:52 4:02 5:00
Martin Kaut 0 0 0 -1 0 0 1 2 1 1 1/9 21:16 4:02 3:55
Mike Hardman 2 0 2 2 2 3 1 0 0 0 1/1 12:34 0:00 0:00
Nils Lundkvist 0 1 1 2 2 0 0 1 0 0 0/0 26:50 4:27 4:55
Shakir Mukhamadullin 0 0 0 0 0 3 2 0 0 0 0/0 7:38 0:00 0:00
Simon Holmstrom 0 0 0 1 0 3 2 0 1 0 0/0 15:22 3:58 0:00
Ty Emberson 0 1 1 -1 0 0 1 0 0 1 0/0 24:48 3:30 5:25
Players Stats for Havana Tropicals
Player Name G A P +/- PIM S H SB GA TA FO MP PP MP PK MP
------------------------------------------------------------------------------------
Alexander Nylander 0 0 0 -1 0 2 2 0 0 0 0/0 12:15 0:00 0:00
Chris Tierney 0 0 0 -2 0 0 0 1 0 1 2/4 14:30 0:00 0:00
Darren Raddysh 0 3 3 1 0 2 1 0 0 0 0/0 24:08 3:50 4:09
Dennis Cholowski 0 0 0 1 0 2 0 0 2 1 0/0 24:31 3:50 4:09
Elmer Soderblom 0 0 0 -1 0 0 0 0 0 0 0/0 5:56 0:00 0:00
Emil Bemstrom 1 0 1 -1 0 6 0 0 1 0 0/2 22:02 3:50 3:52
Henrik Borgstrom 0 0 0 0 0 0 0 0 0 0 0/0 1:52 0:04 0:00
Mattias Norlinder 0 0 0 -1 0 0 1 1 0 0 0/0 11:26 0:00 0:00
Milan Lucic 0 1 1 1 0 5 0 0 0 1 0/0 17:02 4:13 0:00
Nolan Foote 0 0 0 0 0 0 0 0 0 0 1/3 4:19 0:04 0:09
Pavel Dorofeyev 0 0 0 -1 6 1 2 1 1 0 3/7 12:32 0:00 0:00
Philipp Kurashev 1 1 2 -2 0 6 3 0 2 0 11/25 27:02 3:54 3:59
Pierre-edouard Bellemare 1 0 1 1 0 3 2 0 0 2 21/28 23:01 4:13 3:52
Samuel Blais 1 1 2 1 2 5 0 0 4 1 0/0 17:04 4:13 0:00
Teddy Blueger 0 0 0 -1 0 1 1 0 0 1 1/1 22:30 3:50 4:06
Timothy Liljegren 0 0 0 -2 0 3 3 2 0 1 0/0 29:26 4:17 4:01
Zach Aston-Reese 0 0 0 -1 2 4 0 0 0 1 0/0 12:47 0:00 0:22
Zach Whitecloud 0 0 0 -2 0 1 1 2 0 0 0/0 29:22 4:17 4:01
3 Stars
1 - Mike Hardman (LSQ)
2 - Darren Raddysh (HAV)
3 - Graeme Clarke (LSQ)
Power Play
Laval Squanderers - 1 on 5 Attempt(s) - 20.00%
Havana Tropicals - 3 on 7 Attempt(s) - 42.86%
Penalty Kill
Laval Squanderers - 4 on 7 Attempt(s) - 57.14%
- Score 0 goal in Penalty Kill
Havana Tropicals - 4 on 5 Attempt(s) - 80.00%
- Score 0 goal in Penalty Kill
Team Stat
Laval Squanderers - Hits : 21 - Faceoff Wins : 31 - Blocked Shots : 14 - Penalty Minutes : 14
Havana Tropicals - Hits : 16 - Faceoff Wins : 39 - Blocked Shots : 7 - Penalty Minutes : 10
Official
Referees : Greg Kimmerly and Trevor Hanson
Linesman : Trent Knorr and Kiel Murchison
Game Notes
No Game Note
Laval Squanderers
5 vs 5 Forward
Center Left Wing Right Wing Time % Phy DF OF
1 Brett Howden Lias Andersson Martin Kaut 30 1 2 2
2 Graeme Clarke Brayden Tracey Simon Holmstrom 30 1 2 2
3 Ethen Frank Mike Hardman Danila Klimovich 25 1 2 2
4 Isak Rosen Cross Hanas Shakir Mukhamadullin 15 1 2 2
5 vs 5 Defense
Defense Defense Time % Phy DF OF
1 Justin Barron Nils Lundkvist 35 1 2 2
2 Ty Emberson Brayden Pachal 35 1 2 2
3 Kaedan Korczak Emil Andrae 30 1 2 2
4 Justin Barron Nils Lundkvist 0 1 2 2
PowerPlay Forward
Center Left Wing Right Wing Time % Phy DF OF
1 Brett Howden Lias Andersson Martin Kaut 50 1 2 2
2 Graeme Clarke Brayden Tracey Simon Holmstrom 50 1 2 2
PowerPlay Defense
Defense Defense Time % Phy DF OF
1 Justin Barron Nils Lundkvist 50 1 2 2
2 Ty Emberson Brayden Pachal 50 1 2 2
Penalty Kill 4 Players Forward
Center Wing Time % Phy DF OF
1 Brett Howden Lias Andersson 50 1 2 2
2 Martin Kaut Graeme Clarke 50 1 2 2
Penalty Kill 4 Players Defense
Defense Defense Time % Phy DF OF
1 Justin Barron Nils Lundkvist 50 1 2 2
2 Ty Emberson Brayden Pachal 50 1 2 2
Penalty Kill - 3 Players Forward
Forward Time % Phy DF OF
1 Brett Howden 50 1 2 2
2 Lias Andersson 50 1 2 2
Penalty Kill - 3 Players Defense
Defense Defense Time % Phy DF OF
1 Justin Barron Nils Lundkvist 50 1 2 2
2 Ty Emberson Brayden Pachal 50 1 2 2
4 vs 4 Forward
Center Wing Time % Phy DF OF
1 Brett Howden Lias Andersson 50 1 2 2
2 Martin Kaut Graeme Clarke 50 1 2 2
4 vs 4 Defense
Defense Defense Time % Phy DF OF
1 Justin Barron Nils Lundkvist 50 1 2 2
2 Ty Emberson Brayden Pachal 50 1 2 2
Last Minutes Offensive
Center Left Wing Right Wing Defense Defense
Brett Howden Lias Andersson Martin Kaut Justin Barron Nils Lundkvist
Last Minutes Defensive
Center Left Wing Right Wing Defense Defense
Brett Howden Lias Andersson Martin Kaut Justin Barron Nils Lundkvist
Goaltenders
Starting : Mads Sogaard
Backup : Nico Daws
Extra Forwards
Normal : Ethen Frank, Danila Klimovich, Isak Rosen - PP : Ethen Frank, Danila Klimovich - PK : Isak Rosen
Extra Defensemen
Normal : Kaedan Korczak, Emil Andrae, Ty Emberson - PP : Kaedan Korczak - PK : Emil Andrae, Ty Emberson
Penalty Shots
Brett Howden, Lias Andersson, Martin Kaut, Graeme Clarke, Ethen Frank
Havana Tropicals
5 vs 5 Forward
Center Left Wing Right Wing Time % Phy DF OF
1 Philipp Kurashev Teddy Blueger Emil Bemstrom 30 1 2 2
2 Pierre-edouard Bellemare Samuel Blais Milan Lucic 30 1 2 2
3 Pavel Dorofeyev Zach Aston-Reese Alexander Nylander 25 1 2 2
4 Chris Tierney Elmer Soderblom Philipp Kurashev 15 1 2 2
5 vs 5 Defense
Defense Defense Time % Phy DF OF
1 Timothy Liljegren Zach Whitecloud 30 1 2 2
2 Darren Raddysh Dennis Cholowski 30 1 2 2
3 Mattias Norlinder Chris Tierney 25 1 2 2
4 Timothy Liljegren Zach Whitecloud 15 1 2 2
PowerPlay Forward
Center Left Wing Right Wing Time % Phy DF OF
1 Philipp Kurashev Teddy Blueger Emil Bemstrom 50 1 2 2
2 Pierre-edouard Bellemare Samuel Blais Milan Lucic 50 1 2 2
PowerPlay Defense
Defense Defense Time % Phy DF OF
1 Timothy Liljegren Zach Whitecloud 50 1 2 2
2 Darren Raddysh Dennis Cholowski 50 1 2 2
Penalty Kill 4 Players Forward
Center Wing Time % Phy DF OF
1 Philipp Kurashev Teddy Blueger 50 1 2 2
2 Pierre-edouard Bellemare Emil Bemstrom 50 1 2 2
Penalty Kill 4 Players Defense
Defense Defense Time % Phy DF OF
1 Timothy Liljegren Zach Whitecloud 50 1 2 2
2 Darren Raddysh Dennis Cholowski 50 1 2 2
Penalty Kill - 3 Players Forward
Forward Time % Phy DF OF
1 Philipp Kurashev 50 1 2 2
2 Teddy Blueger 50 1 2 2
Penalty Kill - 3 Players Defense
Defense Defense Time % Phy DF OF
1 Timothy Liljegren Zach Whitecloud 50 1 2 2
2 Darren Raddysh Dennis Cholowski 50 1 2 2
4 vs 4 Forward
Center Wing Time % Phy DF OF
1 Philipp Kurashev Teddy Blueger 50 1 2 2
2 Pierre-edouard Bellemare Emil Bemstrom 50 1 2 2
4 vs 4 Defense
Defense Defense Time % Phy DF OF
1 Timothy Liljegren Zach Whitecloud 50 1 2 2
2 Darren Raddysh Dennis Cholowski 50 1 2 2
Last Minutes Offensive
Center Left Wing Right Wing Defense Defense
Philipp Kurashev Teddy Blueger Emil Bemstrom Timothy Liljegren Zach Whitecloud
Last Minutes Defensive
Center Left Wing Right Wing Defense Defense
Philipp Kurashev Teddy Blueger Emil Bemstrom Timothy Liljegren Zach Whitecloud
Goaltenders
Starting : Eric Comrie
Backup : Unknown Goalie
Extra Forwards
Normal : Nolan Foote, Henrik Borgstrom, Zach Aston-Reese - PP : Nolan Foote, Henrik Borgstrom - PK : Zach Aston-Reese
Extra Defensemen
Normal : Mattias Norlinder, Darren Raddysh, Dennis Cholowski - PP : Mattias Norlinder - PK : Darren Raddysh, Dennis Cholowski
Penalty Shots
Philipp Kurashev, Teddy Blueger, Pierre-edouard Bellemare, Emil Bemstrom, Samuel Blais
% Time on Ice - Laval Squanderers
Lines # - Real PCT - Wanted PCT - Time Play
Normal Forward
1 - 28% - 30% - 12:04
2 - 26% - 30% - 11:32
3 - 29% - 25% - 12:29
4 - 17% - 15% - 7:38
Normal Defense
1 - 37% - 35% - 16:06
2 - 35% - 35% - 15:15
3 - 28% - 30% - 12:22
4 - 0% - 0% - 0:00
PP Forward
1 - 49% - 50% - 4:02
2 - 51% - 50% - 4:08
PP Defense
1 - 54% - 50% - 4:27
2 - 46% - 50% - 3:43
PK Forward
1 - 50% - 50% - 4:03
2 - 50% - 50% - 4:04
PK Defense
1 - 49% - 50% - 3:59
2 - 51% - 50% - 4:08
PK3 Forward
1 - 58% - 50% - 1:19
2 - 42% - 50% - 0:57
PK3 Defense
1 - 65% - 50% - 1:28
2 - 35% - 50% - 0:48
44 Forward
1 - 38% - 50% - 1:02
2 - 62% - 50% - 1:42
44 Defense
1 - 51% - 50% - 1:23
2 - 49% - 50% - 1:21
Last Minute Offensive - 0:00
Last Minute Defensive - 0:00
Total
Forward - 65:00
Defense - 65:00
|
% Time on Ice - Havana Tropicals
Lines # - Real PCT - Wanted PCT - Time Play
Normal Forward
1 - 29% - 30% - 12:29
2 - 30% - 30% - 13:03
3 - 28% - 25% - 12:15
4 - 14% - 15% - 5:56
Normal Defense
1 - 31% - 30% - 13:38
2 - 31% - 30% - 13:38
3 - 26% - 25% - 11:30
4 - 11% - 15% - 4:57
PP Forward
1 - 48% - 50% - 3:54
2 - 52% - 50% - 4:13
PP Defense
1 - 53% - 50% - 4:17
2 - 47% - 50% - 3:50
PK Forward
1 - 51% - 50% - 4:09
2 - 49% - 50% - 4:01
PK Defense
1 - 49% - 50% - 4:01
2 - 51% - 50% - 4:09
PK3 Forward
1 - 0% - 50%
2 - 0% - 50%
PK3 Defense
1 - 0% - 50%
2 - 0% - 50%
44 Forward
1 - 44% - 50% - 2:12
2 - 56% - 50% - 2:48
44 Defense
1 - 50% - 50% - 2:29
2 - 50% - 50% - 2:31
Last Minute Offensive - 0:00
Last Minute Defensive - 0:00
Total
Forward - 65:00
Defense - 65:00
|
Play-by-Play
1st period
0:01 of 1st period - Brett Howden wins face-off versus Philipp Kurashev in neutral zone.
0:04 of 1st period - Timothy Liljegren is hit by Brett Howden and loses puck.
0:25 of 1st period - Justin Barron is hit by Zach Whitecloud and loses puck.
0:36 of 1st period - Wrist shot by Pierre-edouard Bellemare.
0:36 of 1st period - Stopped by Mads Sogaard with a rebound.
0:59 of 1st period - Off-side.
1:00 of 1st period - Isak Rosen wins face-off versus Nolan Foote in neutral zone.
1:11 of 1st period - Wrist shot by Cross Hanas.
1:11 of 1st period - Stopped by Eric Comrie without a rebound.
1:12 of 1st period - Brett Howden wins face-off versus Philipp Kurashev in Havana Tropicals zone.
1:15 of 1st period - Snap shot by Lias Andersson.
1:15 of 1st period - Stopped by Eric Comrie without a rebound.
1:16 of 1st period - Brett Howden wins face-off versus Philipp Kurashev in Havana Tropicals zone.
1:22 of 1st period - Off-side.
1:23 of 1st period - Pavel Dorofeyev wins face-off versus Ethen Frank in neutral zone.
1:26 of 1st period - Slapshot by Pavel Dorofeyev.
1:26 of 1st period - Deflect By Alexander Nylander.
1:26 of 1st period - Shot Misses the Net.
1:26 of 1st period - Puck is out of play.
1:27 of 1st period - Ethen Frank wins face-off versus Pavel Dorofeyev in Laval Squanderers zone.
1:42 of 1st period - Slapshot by Zach Aston-Reese.
1:42 of 1st period - Stopped by Mads Sogaard with a rebound.
1:59 of 1st period - Minor Penalty to Brayden Pachal for Tripping.
2:00 of 1st period - Philipp Kurashev wins face-off versus Brett Howden in Laval Squanderers zone.
2:27 of 1st period - Icing by Zach Whitecloud.
2:28 of 1st period - Pierre-edouard Bellemare wins face-off versus Martin Kaut in Havana Tropicals zone.
3:33 of 1st period - Icing by Timothy Liljegren.
3:34 of 1st period - Brett Howden wins face-off versus Philipp Kurashev in Havana Tropicals zone.
3:59 of 1st period - Penalty to Brayden Pachal is over, Brayden Pachal is back on ice.
4:31 of 1st period - Wrist shot by Emil Bemstrom.
4:31 of 1st period - Shot Misses the Net.
4:33 of 1st period - Slapshot by Zach Whitecloud.
4:33 of 1st period - Deflect By Emil Bemstrom.
4:33 of 1st period - Stopped by Mads Sogaard without a rebound.
4:34 of 1st period - Pierre-edouard Bellemare wins face-off versus Graeme Clarke in Laval Squanderers zone.
4:37 of 1st period - Slapshot by Pierre-edouard Bellemare.
4:37 of 1st period - Shot Misses the Net.
4:39 of 1st period - Snap shot by Pierre-edouard Bellemare.
4:39 of 1st period - Shot Misses the Net.
4:41 of 1st period - Snap shot by Samuel Blais.
4:41 of 1st period - Shot Misses the Net.
4:47 of 1st period - Snap shot by Milan Lucic.
4:47 of 1st period - Stopped by Mads Sogaard without a rebound.
4:48 of 1st period - Pierre-edouard Bellemare wins face-off versus Isak Rosen in Laval Squanderers zone.
6:13 of 1st period - Slapshot by Lias Andersson.
6:13 of 1st period - Stopped by Eric Comrie without a rebound.
6:14 of 1st period - Pierre-edouard Bellemare wins face-off versus Graeme Clarke in Havana Tropicals zone.
6:49 of 1st period - Slapshot by Pavel Dorofeyev.
6:49 of 1st period - Shot Blocked by Brett Howden.
6:51 of 1st period - Wrist shot by Zach Aston-Reese.
6:51 of 1st period - Shot Blocked by Lias Andersson.
7:12 of 1st period - Icing by Brayden Pachal.
7:13 of 1st period - Ethen Frank wins face-off versus Emil Bemstrom in Laval Squanderers zone.
7:13 of 1st period - Ethen Frank is hit by Teddy Blueger.
7:37 of 1st period - Backhand shot by Mike Hardman.
7:37 of 1st period - Stopped by Eric Comrie without a rebound.
7:38 of 1st period - Pierre-edouard Bellemare wins face-off versus Graeme Clarke in Havana Tropicals zone.
7:45 of 1st period - Wrist shot by Samuel Blais.
7:45 of 1st period - Stopped by Mads Sogaard with a rebound.
8:10 of 1st period - Snap shot by Philipp Kurashev.
8:10 of 1st period - Shot Blocked by Lias Andersson.
8:44 of 1st period - Pierre-edouard Bellemare is hit by Cross Hanas and loses puck.
9:05 of 1st period - Wrist shot by Simon Holmstrom.
9:05 of 1st period - Stopped by Eric Comrie with a rebound.
9:07 of 1st period - Slapshot by Justin Barron.
9:07 of 1st period - Shot Hit the Post.
9:27 of 1st period - Wrist shot by Pavel Dorofeyev.
9:27 of 1st period - Stopped by Mads Sogaard without a rebound.
9:28 of 1st period - Graeme Clarke wins face-off versus Pierre-edouard Bellemare in Laval Squanderers zone.
10:36 of 1st period - Ty Emberson is hit by Timothy Liljegren and loses puck.
10:43 of 1st period - Pierre-edouard Bellemare is hit by Cross Hanas and loses puck.
11:22 of 1st period - Wrist shot by Zach Aston-Reese.
11:22 of 1st period - Shot Misses the Net.
11:24 of 1st period - Slapshot by Mattias Norlinder.
11:24 of 1st period - Deflect By Alexander Nylander.
11:24 of 1st period - Stopped by Mads Sogaard with a rebound.
11:26 of 1st period - Slapshot by Alexander Nylander.
11:26 of 1st period - Stopped by Mads Sogaard without a rebound.
11:27 of 1st period - Pierre-edouard Bellemare wins face-off versus Ethen Frank in Laval Squanderers zone.
11:30 of 1st period - Wrist shot by Milan Lucic.
11:30 of 1st period - Shot Misses the Net.
11:32 of 1st period - Backhand shot by Samuel Blais.
11:32 of 1st period - Stopped by Mads Sogaard with a rebound.
11:34 of 1st period - Slapshot by Darren Raddysh.
11:34 of 1st period - Stopped by Mads Sogaard without a rebound.
11:35 of 1st period - Mike Hardman wins face-off versus Pierre-edouard Bellemare in Laval Squanderers zone.
11:51 of 1st period - Minor Penalty to Samuel Blais for Hooking.
11:52 of 1st period - Philipp Kurashev wins face-off versus Brett Howden in Havana Tropicals zone.
12:20 of 1st period - Snap shot by Philipp Kurashev.
12:20 of 1st period - Shot Blocked by Graeme Clarke.
12:22 of 1st period - Snap shot by Zach Whitecloud.
12:22 of 1st period - Shot Blocked by Justin Barron.
12:24 of 1st period - Slapshot by Timothy Liljegren.
12:24 of 1st period - Shot Misses the Net.
12:26 of 1st period - Snap shot by Timothy Liljegren.
12:26 of 1st period - Stopped by Mads Sogaard with a rebound.
12:28 of 1st period - Slapshot by Zach Whitecloud.
12:28 of 1st period - Shot Blocked by Brayden Tracey.
12:30 of 1st period - Wrist shot by Teddy Blueger.
12:30 of 1st period - Shot Blocked by Nils Lundkvist.
12:50 of 1st period - Graeme Clarke is hit by Philipp Kurashev and loses puck.
13:51 of 1st period - Penalty to Samuel Blais is over, Samuel Blais is back on ice.
14:09 of 1st period - Pavel Dorofeyev is hit by Shakir Mukhamadullin and loses puck.
14:26 of 1st period - Slapshot by Pavel Dorofeyev.
14:26 of 1st period - Shot Misses the Net.
15:36 of 1st period - Emil Bemstrom is hit by Brett Howden and loses puck.
16:21 of 1st period - Backhand shot by Martin Kaut.
16:21 of 1st period - Shot Blocked by Pavel Dorofeyev.
17:58 of 1st period - Off-side.
17:59 of 1st period - Teddy Blueger wins face-off versus Ethen Frank in neutral zone.
18:10 of 1st period - Wrist shot by Ethen Frank.
18:10 of 1st period - Stopped by Eric Comrie with a rebound.
18:20 of 1st period - Justin Barron is hit by Pavel Dorofeyev and loses puck.
18:39 of 1st period - Lias Andersson is hit by Philipp Kurashev and loses puck.
19:01 of 1st period - Snap shot by Samuel Blais.
19:01 of 1st period - Shot Blocked by Cross Hanas.
19:03 of 1st period - Wrist shot by Samuel Blais.
19:03 of 1st period - Deflect By Milan Lucic.
19:03 of 1st period - Stopped by Mads Sogaard with a rebound.
19:05 of 1st period - Snap shot by Samuel Blais.
19:05 of 1st period - Stopped by Mads Sogaard with a rebound.
19:16 of 1st period - Off-side.
19:17 of 1st period - Ethen Frank wins face-off versus Pavel Dorofeyev in neutral zone.
19:25 of 1st period - Wrist shot by Zach Aston-Reese.
19:25 of 1st period - Stopped by Mads Sogaard with a rebound.
19:27 of 1st period - Wrist shot by Alexander Nylander.
19:27 of 1st period - Shot Misses the Net.
19:43 of 1st period - Icing by Zach Whitecloud.
19:44 of 1st period - Philipp Kurashev wins face-off versus Graeme Clarke in Havana Tropicals zone.
Goals for this period are 0 for Laval Squanderers vs 0 for Havana Tropicals.
Shots for this period are 6 for Laval Squanderers vs 14 for Havana Tropicals.
2nd period
0:01 of 2nd period - Brett Howden wins face-off versus Philipp Kurashev in neutral zone.
0:11 of 2nd period - Snap shot by Martin Kaut.
0:11 of 2nd period - Deflect By Lias Andersson.
0:11 of 2nd period - Shot Misses the Net.
0:11 of 2nd period - Puck is out of play.
0:12 of 2nd period - Graeme Clarke wins face-off versus Philipp Kurashev in Havana Tropicals zone.
0:13 of 2nd period - Snap shot by Brayden Tracey.
0:13 of 2nd period - Stopped by Eric Comrie without a rebound.
0:14 of 2nd period - Philipp Kurashev wins face-off versus Graeme Clarke in Havana Tropicals zone.
0:27 of 2nd period - Snap shot by Graeme Clarke.
0:27 of 2nd period - Shot Misses the Net.
0:29 of 2nd period - Snap shot by Brayden Pachal.
0:29 of 2nd period - Stopped by Eric Comrie without a rebound.
0:30 of 2nd period - Pierre-edouard Bellemare wins face-off versus Brett Howden in Havana Tropicals zone.
0:35 of 2nd period - Wrist shot by Lias Andersson.
0:35 of 2nd period - Stopped by Eric Comrie with a rebound.
0:41 of 2nd period - Snap shot by Milan Lucic.
0:41 of 2nd period - Stopped by Mads Sogaard with a rebound.
1:36 of 2nd period - Chris Tierney is hit by Mike Hardman and loses puck.
2:08 of 2nd period - Snap shot by Martin Kaut.
2:08 of 2nd period - Shot Misses the Net.
2:20 of 2nd period - Wrist shot by Philipp Kurashev.
2:20 of 2nd period - Shot Misses the Net.
3:33 of 2nd period - Minor Penalty to Pavel Dorofeyev for High sticking.
3:34 of 2nd period - Pierre-edouard Bellemare wins face-off versus Brett Howden in Havana Tropicals zone.
3:34 of 2nd period - Pierre-edouard Bellemare is hit by Lias Andersson.
3:47 of 2nd period - Snap shot by Lias Andersson.
3:47 of 2nd period - Shot Misses the Net.
4:32 of 2nd period - Emil Bemstrom is hit by Brett Howden and loses puck.
4:43 of 2nd period - Emil Bemstrom is hit by Simon Holmstrom and loses puck.
5:33 of 2nd period - Penalty to Pavel Dorofeyev is over, Pavel Dorofeyev is back on ice.
5:46 of 2nd period - Brayden Pachal is hit by Pavel Dorofeyev and loses puck.
6:13 of 2nd period - Snap shot by Cross Hanas.
6:13 of 2nd period - Shot Misses the Net.
6:58 of 2nd period - Off-side.
6:59 of 2nd period - Ethen Frank wins face-off versus Pavel Dorofeyev in neutral zone.
7:15 of 2nd period - Ethen Frank is hit by Alexander Nylander and loses puck.
7:31 of 2nd period - Slapshot by Simon Holmstrom.
7:31 of 2nd period - Stopped by Eric Comrie with a rebound.
7:51 of 2nd period - Snap shot by Philipp Kurashev.
7:51 of 2nd period - Shot Misses the Net.
8:10 of 2nd period - Zach Whitecloud is hit by Isak Rosen and loses puck.
8:37 of 2nd period - Wrist shot by Simon Holmstrom.
8:37 of 2nd period - Shot Misses the Net.
9:26 of 2nd period - Minor Penalty to Kaedan Korczak for Roughing.
9:27 of 2nd period - Pierre-edouard Bellemare wins face-off versus Martin Kaut in Laval Squanderers zone.
9:29 of 2nd period - Wrist shot by Milan Lucic.
9:29 of 2nd period - Stopped by Mads Sogaard with a rebound.
9:31 of 2nd period - Snap shot by Dennis Cholowski.
9:31 of 2nd period - Shot Blocked by Brayden Pachal.
9:33 of 2nd period - Slapshot by Darren Raddysh.
9:33 of 2nd period - Stopped by Mads Sogaard with a rebound.
9:35 of 2nd period - Snap shot by Samuel Blais.
9:35 of 2nd period - Stopped by Mads Sogaard with a rebound.
9:37 of 2nd period - Wrist shot by Pierre-edouard Bellemare.
9:37 of 2nd period - Goal by Pierre-edouard Bellemare - Laval Squanderers : 0 - Havana Tropicals : 1.
9:38 of 2nd period - Graeme Clarke wins face-off versus Philipp Kurashev in neutral zone.
9:55 of 2nd period - Minor Penalty to Brayden Pachal for Roughing.
9:56 of 2nd period - Pierre-edouard Bellemare wins face-off versus Martin Kaut in Laval Squanderers zone.
10:58 of 2nd period - Emil Bemstrom is hit by Brett Howden and loses puck.
11:11 of 2nd period - Milan Lucic is hit by Graeme Clarke and loses puck.
11:55 of 2nd period - Penalty to Brayden Pachal is over, Brayden Pachal is back on ice.
12:10 of 2nd period - Wrist shot by Pavel Dorofeyev.
12:10 of 2nd period - Shot Blocked by Danila Klimovich.
12:12 of 2nd period - Wrist shot by Zach Aston-Reese.
12:12 of 2nd period - Stopped by Mads Sogaard with a rebound.
12:16 of 2nd period - Snap shot by Zach Aston-Reese.
12:16 of 2nd period - Stopped by Mads Sogaard with a rebound.
12:28 of 2nd period - Nolan Foote is hit by Shakir Mukhamadullin and loses puck.
13:46 of 2nd period - Graeme Clarke is hit by Mattias Norlinder and loses puck.
14:15 of 2nd period - Snap shot by Ethen Frank.
14:15 of 2nd period - Stopped by Eric Comrie without a rebound.
14:16 of 2nd period - Brett Howden wins face-off versus Nolan Foote in Havana Tropicals zone.
14:17 of 2nd period - Slapshot by Martin Kaut.
14:17 of 2nd period - Shot Blocked by Timothy Liljegren.
14:19 of 2nd period - Snap shot by Lias Andersson.
14:19 of 2nd period - Stopped by Eric Comrie with a rebound.
14:21 of 2nd period - Slapshot by Brayden Pachal.
14:21 of 2nd period - Shot Misses the Net.
14:23 of 2nd period - Slapshot by Ty Emberson.
14:23 of 2nd period - Deflect By Lias Andersson.
14:23 of 2nd period - Shot Misses the Net.
14:23 of 2nd period - Puck is out of play.
14:24 of 2nd period - Lias Andersson wins face-off versus Pierre-edouard Bellemare in Havana Tropicals zone.
14:48 of 2nd period - Off-side.
14:49 of 2nd period - Graeme Clarke wins face-off versus Emil Bemstrom in neutral zone.
15:37 of 2nd period - Minor Penalty to Pavel Dorofeyev for Interference.
15:38 of 2nd period - Brett Howden wins face-off versus Philipp Kurashev in Havana Tropicals zone.
15:39 of 2nd period - Snap shot by Martin Kaut.
15:39 of 2nd period - Shot Misses the Net.
15:41 of 2nd period - Snap shot by Brayden Pachal.
15:41 of 2nd period - Stopped by Eric Comrie with a rebound.
15:43 of 2nd period - Slapshot by Ty Emberson.
15:43 of 2nd period - Deflect By Brett Howden.
15:43 of 2nd period - Shot Misses the Net.
15:43 of 2nd period - Puck is out of play.
15:44 of 2nd period - Brett Howden wins face-off versus Philipp Kurashev in Havana Tropicals zone.
17:02 of 2nd period - Icing by Lias Andersson.
17:03 of 2nd period - Brett Howden wins face-off versus Philipp Kurashev in Laval Squanderers zone.
17:37 of 2nd period - Penalty to Pavel Dorofeyev is over, Pavel Dorofeyev is back on ice.
17:54 of 2nd period - Snap shot by Ethen Frank.
17:54 of 2nd period - Shot Blocked by Zach Whitecloud.
17:56 of 2nd period - Slapshot by Kaedan Korczak.
17:56 of 2nd period - Shot Blocked by Timothy Liljegren.
17:58 of 2nd period - Snap shot by Mike Hardman.
17:58 of 2nd period - Goal by Mike Hardman - Laval Squanderers : 1 - Havana Tropicals : 1.
17:59 of 2nd period - Brett Howden wins face-off versus Philipp Kurashev in neutral zone.
18:08 of 2nd period - Slapshot by Lias Andersson.
18:08 of 2nd period - Stopped by Eric Comrie without a rebound.
18:09 of 2nd period - Philipp Kurashev wins face-off versus Brett Howden in Havana Tropicals zone.
18:34 of 2nd period - Slapshot by Emil Bemstrom.
18:34 of 2nd period - Stopped by Mads Sogaard with a rebound.
18:36 of 2nd period - Slapshot by Timothy Liljegren.
18:36 of 2nd period - Shot Misses the Net.
18:38 of 2nd period - Wrist shot by Philipp Kurashev.
18:38 of 2nd period - Shot Hit the Post.
18:40 of 2nd period - Wrist shot by Teddy Blueger.
18:40 of 2nd period - Shot Misses the Net.
19:05 of 2nd period - Snap shot by Philipp Kurashev.
19:05 of 2nd period - Shot Blocked by Martin Kaut.
19:07 of 2nd period - Wrist shot by Emil Bemstrom.
19:07 of 2nd period - Stopped by Mads Sogaard without a rebound.
19:08 of 2nd period - Pierre-edouard Bellemare wins face-off versus Graeme Clarke in Laval Squanderers zone.
19:09 of 2nd period - Snap shot by Samuel Blais.
19:09 of 2nd period - Shot Misses the Net.
Goals for this period are 1 for Laval Squanderers vs 1 for Havana Tropicals.
Shots for this period are 9 for Laval Squanderers vs 9 for Havana Tropicals.
3rd period
0:01 of 3rd period - Pierre-edouard Bellemare wins face-off versus Graeme Clarke in neutral zone.
0:04 of 3rd period - Ty Emberson is hit by Pierre-edouard Bellemare.
0:49 of 3rd period - Slapshot by Danila Klimovich.
0:49 of 3rd period - Shot Misses the Net.
0:51 of 3rd period - Slapshot by Brayden Pachal.
0:51 of 3rd period - Shot Misses the Net.
0:53 of 3rd period - Slapshot by Brayden Pachal.
0:53 of 3rd period - Shot Misses the Net.
0:55 of 3rd period - Wrist shot by Ethen Frank.
0:55 of 3rd period - Stopped by Eric Comrie without a rebound.
0:56 of 3rd period - Pierre-edouard Bellemare wins face-off versus Graeme Clarke in Havana Tropicals zone.
1:07 of 3rd period - Samuel Blais is hit by Emil Andrae and loses puck.
1:33 of 3rd period - Slapshot by Philipp Kurashev.
1:33 of 3rd period - Stopped by Mads Sogaard with a rebound.
1:44 of 3rd period - Minor Penalty to Zach Aston-Reese for Slashing.
1:45 of 3rd period - Pierre-edouard Bellemare wins face-off versus Graeme Clarke in Havana Tropicals zone.
1:45 of 3rd period - Pierre-edouard Bellemare is hit by Graeme Clarke.
1:58 of 3rd period - Snap shot by Brayden Tracey.
1:58 of 3rd period - Goal by Brayden Tracey - Laval Squanderers : 2 - Havana Tropicals : 1.
1:59 of 3rd period - Graeme Clarke wins face-off versus Pierre-edouard Bellemare in neutral zone.
2:08 of 3rd period - Snap shot by Pierre-edouard Bellemare.
2:08 of 3rd period - Stopped by Mads Sogaard with a rebound.
2:10 of 3rd period - Wrist shot by Timothy Liljegren.
2:10 of 3rd period - Stopped by Mads Sogaard without a rebound.
2:11 of 3rd period - Pierre-edouard Bellemare wins face-off versus Graeme Clarke in Laval Squanderers zone.
2:26 of 3rd period - Wrist shot by Graeme Clarke.
2:26 of 3rd period - Stopped by Eric Comrie without a rebound.
2:27 of 3rd period - Martin Kaut wins face-off versus Philipp Kurashev in Havana Tropicals zone.
2:56 of 3rd period - Snap shot by Samuel Blais.
2:56 of 3rd period - Shot Misses the Net.
3:59 of 3rd period - Snap shot by Zach Aston-Reese.
3:59 of 3rd period - Shot Hit the Post.
4:01 of 3rd period - Snap shot by Alexander Nylander.
4:01 of 3rd period - Shot Blocked by Lias Andersson.
5:36 of 3rd period - Slapshot by Simon Holmstrom.
5:36 of 3rd period - Stopped by Eric Comrie with a rebound.
5:56 of 3rd period - Wrist shot by Danila Klimovich.
5:56 of 3rd period - Shot Misses the Net.
6:04 of 3rd period - Minor Penalty to Pavel Dorofeyev for Elbowing.
6:05 of 3rd period - Brett Howden wins face-off versus Pierre-edouard Bellemare in Havana Tropicals zone.
6:06 of 3rd period - Slapshot by Martin Kaut.
6:06 of 3rd period - Shot Misses the Net.
6:38 of 3rd period - Emil Bemstrom is hit by Simon Holmstrom and loses puck.
6:53 of 3rd period - Teddy Blueger is hit by Brett Howden and loses puck.
7:27 of 3rd period - Icing by Lias Andersson.
7:28 of 3rd period - Brett Howden wins face-off versus Philipp Kurashev in Laval Squanderers zone.
8:04 of 3rd period - Penalty to Pavel Dorofeyev is over, Pavel Dorofeyev is back on ice.
9:08 of 3rd period - Nils Lundkvist is hit by Alexander Nylander and loses puck.
9:21 of 3rd period - Wrist shot by Cross Hanas.
9:21 of 3rd period - Shot Misses the Net.
9:23 of 3rd period - Backhand shot by Shakir Mukhamadullin.
9:23 of 3rd period - Stopped by Eric Comrie with a rebound.
9:25 of 3rd period - Slapshot by Justin Barron.
9:25 of 3rd period - Deflect By Isak Rosen.
9:25 of 3rd period - Stopped by Eric Comrie with a rebound.
9:27 of 3rd period - Slapshot by Justin Barron.
9:27 of 3rd period - Stopped by Eric Comrie with a rebound.
9:29 of 3rd period - Slapshot by Justin Barron.
9:29 of 3rd period - Stopped by Eric Comrie with a rebound.
9:31 of 3rd period - Snap shot by Cross Hanas.
9:31 of 3rd period - Stopped by Eric Comrie without a rebound.
9:32 of 3rd period - Philipp Kurashev wins face-off versus Graeme Clarke in Havana Tropicals zone.
9:43 of 3rd period - Slapshot by Emil Bemstrom.
9:43 of 3rd period - Stopped by Mads Sogaard with a rebound.
9:45 of 3rd period - Snap shot by Philipp Kurashev.
9:45 of 3rd period - Stopped by Mads Sogaard with a rebound.
9:47 of 3rd period - Slapshot by Timothy Liljegren.
9:47 of 3rd period - Shot Misses the Net.
9:59 of 3rd period - Zach Whitecloud is hit by Brett Howden and loses puck.
10:04 of 3rd period - Wrist shot by Brett Howden.
10:04 of 3rd period - Stopped by Eric Comrie with a rebound.
10:18 of 3rd period - Snap shot by Samuel Blais.
10:18 of 3rd period - Shot Misses the Net.
10:24 of 3rd period - Milan Lucic is hit by Danila Klimovich and loses puck.
10:37 of 3rd period - Ty Emberson is hit by Philipp Kurashev and loses puck.
10:49 of 3rd period - Off-side.
10:50 of 3rd period - Isak Rosen wins face-off versus Pavel Dorofeyev in neutral zone.
10:55 of 3rd period - Slapshot by Shakir Mukhamadullin.
10:55 of 3rd period - Stopped by Eric Comrie with a rebound.
10:57 of 3rd period - Wrist shot by Shakir Mukhamadullin.
10:57 of 3rd period - Stopped by Eric Comrie without a rebound.
10:58 of 3rd period - Philipp Kurashev wins face-off versus Brett Howden in Havana Tropicals zone.
11:09 of 3rd period - Wrist shot by Philipp Kurashev.
11:09 of 3rd period - Deflect By Teddy Blueger.
11:09 of 3rd period - Deflect By Brayden Pachal.
11:09 of 3rd period - Stopped by Mads Sogaard with a rebound.
11:11 of 3rd period - Wrist shot by Philipp Kurashev.
11:11 of 3rd period - Stopped by Mads Sogaard without a rebound.
11:12 of 3rd period - Pierre-edouard Bellemare wins face-off versus Graeme Clarke in Laval Squanderers zone.
12:27 of 3rd period - Minor Penalty to Danila Klimovich for Cross-checking.
12:28 of 3rd period - Pierre-edouard Bellemare wins face-off versus Brett Howden in Laval Squanderers zone.
13:13 of 3rd period - Off-side.
13:14 of 3rd period - Pierre-edouard Bellemare wins face-off versus Martin Kaut in neutral zone.
13:19 of 3rd period - Snap shot by Timothy Liljegren.
13:19 of 3rd period - Stopped by Mads Sogaard with a rebound.
13:21 of 3rd period - Slapshot by Zach Whitecloud.
13:21 of 3rd period - Stopped by Mads Sogaard without a rebound.
13:22 of 3rd period - Pierre-edouard Bellemare wins face-off versus Graeme Clarke in Laval Squanderers zone.
13:25 of 3rd period - Wrist shot by Milan Lucic.
13:25 of 3rd period - Stopped by Mads Sogaard without a rebound.
13:26 of 3rd period - Pierre-edouard Bellemare wins face-off versus Martin Kaut in Laval Squanderers zone.
13:27 of 3rd period - Wrist shot by Samuel Blais.
13:27 of 3rd period - Shot Blocked by Martin Kaut.
13:29 of 3rd period - Slapshot by Dennis Cholowski.
13:29 of 3rd period - Stopped by Mads Sogaard with a rebound.
13:31 of 3rd period - Wrist shot by Dennis Cholowski.
13:31 of 3rd period - Stopped by Mads Sogaard without a rebound.
13:32 of 3rd period - Pierre-edouard Bellemare wins face-off versus Martin Kaut in Laval Squanderers zone.
14:03 of 3rd period - Snap shot by Philipp Kurashev.
14:03 of 3rd period - Goal by Philipp Kurashev - Laval Squanderers : 2 - Havana Tropicals : 2.
14:04 of 3rd period - Philipp Kurashev wins face-off versus Brett Howden in neutral zone.
14:19 of 3rd period - Snap shot by Emil Bemstrom.
14:19 of 3rd period - Stopped by Mads Sogaard with a rebound.
14:25 of 3rd period - Minor Penalty to Nils Lundkvist for Hooking.
14:26 of 3rd period - Brett Howden wins face-off versus Pierre-edouard Bellemare in Laval Squanderers zone.
14:26 of 3rd period - Brett Howden is hit by Timothy Liljegren.
14:57 of 3rd period - Wrist shot by Graeme Clarke.
14:57 of 3rd period - Stopped by Eric Comrie without a rebound.
14:58 of 3rd period - Philipp Kurashev wins face-off versus Martin Kaut in Havana Tropicals zone.
15:03 of 3rd period - Snap shot by Philipp Kurashev.
15:03 of 3rd period - Stopped by Mads Sogaard with a rebound.
15:05 of 3rd period - Wrist shot by Emil Bemstrom.
15:05 of 3rd period - Goal by Emil Bemstrom - Laval Squanderers : 2 - Havana Tropicals : 3.
15:06 of 3rd period - Ethen Frank wins face-off versus Chris Tierney in neutral zone.
15:13 of 3rd period - Wrist shot by Justin Barron.
15:13 of 3rd period - Stopped by Eric Comrie with a rebound.
15:15 of 3rd period - Slapshot by Danila Klimovich.
15:15 of 3rd period - Stopped by Eric Comrie without a rebound.
15:16 of 3rd period - Ethen Frank wins face-off versus Chris Tierney in Havana Tropicals zone.
15:25 of 3rd period - Slapshot by Danila Klimovich.
15:25 of 3rd period - Shot Misses the Net.
15:27 of 3rd period - Snap shot by Mike Hardman.
15:27 of 3rd period - Shot Blocked by Zach Whitecloud.
15:29 of 3rd period - Wrist shot by Ethen Frank.
15:29 of 3rd period - Stopped by Eric Comrie with a rebound.
15:58 of 3rd period - Snap shot by Nils Lundkvist.
15:58 of 3rd period - Shot Blocked by Chris Tierney.
16:00 of 3rd period - Snap shot by Mike Hardman.
16:00 of 3rd period - Goal by Mike Hardman - Laval Squanderers : 3 - Havana Tropicals : 3.
16:01 of 3rd period - Pavel Dorofeyev wins face-off versus Isak Rosen in neutral zone.
16:20 of 3rd period - Zach Aston-Reese is hit by Ty Emberson and loses puck.
16:39 of 3rd period - Slapshot by Milan Lucic.
16:39 of 3rd period - Deflect By Samuel Blais.
16:39 of 3rd period - Goal by Samuel Blais - Laval Squanderers : 3 - Havana Tropicals : 4.
16:40 of 3rd period - Chris Tierney wins face-off versus Ethen Frank in neutral zone.
16:54 of 3rd period - Snap shot by Ethen Frank.
16:54 of 3rd period - Deflect By Danila Klimovich.
16:54 of 3rd period - Stopped by Eric Comrie with a rebound.
16:56 of 3rd period - Snap shot by Ethen Frank.
16:56 of 3rd period - Stopped by Eric Comrie without a rebound.
16:57 of 3rd period - Pavel Dorofeyev wins face-off versus Isak Rosen in Havana Tropicals zone.
17:47 of 3rd period - Lias Andersson is hit by Pierre-edouard Bellemare and loses puck.
18:00 of 3rd period - Snap shot by Brayden Tracey.
18:00 of 3rd period - Stopped by Eric Comrie with a rebound.
18:02 of 3rd period - Wrist shot by Graeme Clarke.
18:02 of 3rd period - Shot Blocked by Mattias Norlinder.
18:04 of 3rd period - Wrist shot by Graeme Clarke.
18:04 of 3rd period - Goal by Graeme Clarke - Laval Squanderers : 4 - Havana Tropicals : 4.
18:05 of 3rd period - Chris Tierney wins face-off versus Ethen Frank in neutral zone.
18:08 of 3rd period - Snap shot by Philipp Kurashev.
18:08 of 3rd period - Shot Blocked by Danila Klimovich.
18:10 of 3rd period - Slapshot by Chris Tierney.
18:10 of 3rd period - Shot Misses the Net.
18:12 of 3rd period - Slapshot by Philipp Kurashev.
18:12 of 3rd period - Stopped by Mads Sogaard with a rebound.
18:17 of 3rd period - Minor Penalty to Mike Hardman for Slashing.
18:18 of 3rd period - Philipp Kurashev wins face-off versus Brett Howden in Laval Squanderers zone.
Goals for this period are 3 for Laval Squanderers vs 3 for Havana Tropicals.
Shots for this period are 21 for Laval Squanderers vs 18 for Havana Tropicals.
Overtime #1
0:01 of 1st overtime period - Philipp Kurashev wins face-off versus Brett Howden in neutral zone.
0:17 of 1st overtime period - Penalty to Mike Hardman is over, Mike Hardman is back on ice.
0:35 of 1st overtime period - Snap shot by Emil Bemstrom.
0:35 of 1st overtime period - Shot Misses the Net.
0:41 of 1st overtime period - Minor Penalty to Justin Barron for Tripping.
0:42 of 1st overtime period - Lias Andersson wins face-off versus Pierre-edouard Bellemare in Laval Squanderers zone.
2:41 of 1st overtime period - Penalty to Justin Barron is over, Justin Barron is back on ice.
2:50 of 1st overtime period - Icing by Timothy Liljegren.
2:51 of 1st overtime period - Nolan Foote wins face-off versus Martin Kaut in Havana Tropicals zone.
2:56 of 1st overtime period - Martin Kaut is hit by Timothy Liljegren and loses puck.
3:25 of 1st overtime period - Slapshot by Graeme Clarke.
3:25 of 1st overtime period - Deflect By Zach Whitecloud.
3:25 of 1st overtime period - Shot Misses the Net.
3:25 of 1st overtime period - Puck is out of play.
3:26 of 1st overtime period - Brett Howden wins face-off versus Philipp Kurashev in Havana Tropicals zone.
3:52 of 1st overtime period - Zach Whitecloud is hit by Martin Kaut and loses puck.
4:45 of 1st overtime period - Justin Barron is hit by Darren Raddysh and loses puck.
Goals for this period are 0 for Laval Squanderers vs 0 for Havana Tropicals.
Shots for this period are 0 for Laval Squanderers vs 0 for Havana Tropicals.
ShootOut
5:00 of 1st overtime period - Round #1.
5:00 of 1st overtime period - Laval Squanderers, Brett Howden.
5:00 of 1st overtime period - Backhand shot by Brett Howden.
5:00 of 1st overtime period - Stopped by Eric Comrie.
5:00 of 1st overtime period - Havana Tropicals, Philipp Kurashev.
5:00 of 1st overtime period - Snap shot by Philipp Kurashev.
5:00 of 1st overtime period - Stopped by Mads Sogaard.
5:00 of 1st overtime period - Round #2.
5:00 of 1st overtime period - Laval Squanderers, Lias Andersson.
5:00 of 1st overtime period - Snap shot by Lias Andersson.
5:00 of 1st overtime period - Stopped by Eric Comrie.
5:00 of 1st overtime period - Havana Tropicals, Teddy Blueger.
5:00 of 1st overtime period - Backhand shot by Teddy Blueger.
5:00 of 1st overtime period - Goal by Teddy Blueger.
5:00 of 1st overtime period - Round #3.
5:00 of 1st overtime period - Laval Squanderers, Martin Kaut.
5:00 of 1st overtime period - Snap shot by Martin Kaut.
5:00 of 1st overtime period - Stopped by Eric Comrie.
Back to the Top